 Dungeon Crawl Stone Soup version 0.27.1-33-g824d729ab1 (webtiles) character file.

Game seed: 15265606342107794293

45 zeram the Vandal (level 3, -4/21 HPs)
             Began as a Kobold Hunter on Dec 16, 2021.
             Slain by Natasha (5 damage)
             ... on level 2 of the Dungeon.
             The game lasted 00:02:26 (1251 turns).

zeram the Vandal (Kobold Hunter)                    Turns: 1251, Time: 00:02:27

Health: -4/21      AC:  3    Str:  6 (9)  XL:     3   Next: 90%
Magic:  3/3        EV: 13    Int: 10 (13) God:
Gold:   48         SH:  0    Dex: 12 (15) Spells: 2/2 levels left

rFire    . . .     SeeInvis .   g - +0 dagger (flame)
rCold    . . .     Faith    .   (shield restricted)
rNeg     . . .     Spirit   .   c - +0 leather armour
rPois    .         Reflect  .   (no helmet)
rElec    .         Harm     .   (no cloak)
rCorr    .         Rampage  .   (no gloves)
Will     .....                  (no boots)
Stlth    ++........             (no amulet)
HPRegen  0.07/turn              (no ring)
MPRegen  0.08/turn              (no ring)

@: no status effects
A: small, no large weapons, nightstalker 3
a: no special abilities


You were on level 2 of the Dungeon.
You visited 1 branch of the dungeon, and saw 2 of its levels.

You collected 48 gold pieces.

Inventory:

Hand Weapons
 a - a +1 hunting sling
 b - a +0 short sword
 g - a +0 dagger of flaming (weapon)
Missiles
 d - 2 sling bullets
 e - 25 stones (quivered)
Armour
 c - a +0 leather armour (worn)


   Skills:
 - Level 2.1 Fighting
 + Level 5.2 Slings
 + Level 2.5 Dodging
 - Level 1.3 Stealth


You had 2 spell levels left.
You didn't know any spells.
Your spell library contained the following spells:

 Spells                   Type           Power      Damage    Failure   Level
 Foxfire                  Conj/Fire      0%         2x1d4     52%         1
 Conjure Flame            Conj/Fire      0%         6-21      87%         3
 Inner Flame              Hex/Fire       0%         N/A       87%         3


Dungeon Overview and Level Annotations

Branches:
Dungeon (2/15)

Altars:

Shops:
D:1 =?

Annotations:
D:2 Natasha


Innate Abilities, Weirdness & Mutations

You are small and have problems with some larger weapons.
You are completely attuned to the shadows.


Message History

Natasha is lightly wounded.
You shoot a sling bullet.
The sling bullet hits Natasha but does no damage.
Natasha is lightly wounded.
Natasha wildly gestures.
You feel disoriented.
You shoot a sling bullet. The sling bullet barely misses Natasha.
Natasha mumbles some strange words.
Natasha's front paws start to glow.
Natasha misses you.
You shoot a sling bullet. The sling bullet hits Natasha.
Natasha is moderately wounded.
You shoot a sling bullet. The sling bullet hits Natasha.
Natasha is heavily wounded.
Natasha claws you.
You shoot a sling bullet.
The sling bullet closely misses Natasha.
Natasha claws you!
Your +0 dagger of flaming bursts into flame!
g - a +0 dagger of flaming (weapon)
Natasha howls an incantation.
Natasha glows brightly for a moment.
Natasha casts a spell.
You closely miss Natasha.
Natasha is heavily wounded.
Natasha closely misses you.
You hit Natasha. You burn Natasha.
Natasha is severely wounded.
Natasha barely misses you.
You closely miss Natasha.
Natasha is severely wounded.
Natasha claws you.
* * * LOW HITPOINT WARNING * * *
The crimson imp closely misses you.
Unknown command.
It was a potion of degeneration.
There was something very wrong with that liquid.
You feel weakened.
You feel dopey.
You feel clumsy. Natasha claws you.
You die...

#........# #........#
#........# #
#####........########
....................#
......######........#
......# #........#
..[...# #........#
....@.# #........#
...5h.# #........#
......# #........#
....(.# #........#
....(.# #........#
##########


You could see Natasha and a crimson imp (summoned).

Vanquished Creatures
  An adder (D:2)
  A worm (D:2)
  4 bats
  2 endoplasms
  A giant cockroach (D:1)
  5 goblins (D:1)
  3 hobgoblins (D:1)
  2 kobolds
  2 quokkas (D:2)
  8 ball pythons
  2 frilled lizards
  2 rats (D:1)
33 creatures vanquished.

Notes
Turn   | Place    | Note
-------+----------+-------------------------------------------
     0 | D:1      | zeram the Kobold Hunter began the quest for the Orb.
     0 | D:1      | Reached XP level 1. HP: 12/12 MP: 1/1
   201 | D:1      | Reached XP level 2. HP: 17/17 MP: 2/2
   281 | D:1      | Found Ipits's Magic Scroll Shoppe.
   283 | D:1      | Found Hapte's Jewellery Emporium.
   473 | D:1      | Found a faded altar of an unknown god.
   629 | D:1      | Reached XP level 3. HP: 21/21 MP: 3/3
   931 | D:2      | Reached skill level 5 in Slings
  1240 | D:2      | Noticed Natasha
  1250 | D:2      | HP: 1/21 [Natasha (6)]
  1251 | D:2      | Slain by Natasha

Illustrated notes

Levels and vault maps discovered:
D:1:      minmay_arrival_solitary_statue, layout_basic,
          ebering_ecumenical_altar_sacrificial, serial_shops, shop,
          nicolae_shop_window_shopping, grunt_decor_junction
D:2:      layout_basic, minmay_quantized, uniq_natasha, uniq_terence

Skill      XL: |  1  2  3 |
---------------+----------+-----
Slings         | 5 |  5.2
Fighting       | |  2.1
Dodging        | |  2.5
Stealth        | |  1.3

Action                   || total
-------------------------++-------
Melee: Dagger            ||     3
 Fire: Hunting sling     ||    87
  Use: Scroll            ||     2
       Potion            ||     1
Armor: Leather armour    ||     5
Dodge: Dodged            ||    20
